 Dungeon Crawl Stone Soup version 0.14-a0-3278-gb24e923 (webtiles) character file.

6436 Psiweapon the Cleaver (level 10, 0/82 HPs)
             Began as a Deep Dwarf Berserker on Mar 13, 2014.
             Was an Elder of Trog.
             Slain by a hill giant
             ... wielding a +0,+0 giant club
              (18 damage)
             ... on Level 10 of the Dungeon.
             The game lasted 00:51:22 (7807 turns).

Psiweapon the Cleaver (Deep Dwarf Berserker)        Turns: 7807, Time: 00:51:22

HP   0/82        AC 17     Str 25      XL: 10   Next: 50%
MP  23/23        EV  8     Int  5      God: Trog [****..]
Gold 654         SH  0     Dex 12      Spells:  0 memorised,  9 levels left

rFire  . . .     SeeInvis .     O - +0 war axe
rCold  . . .     Clarity  .     M - +0 chain mail {MR+}
rNeg   . . .     Conserve .     (no shield)
rPois  +         rCorr    .     r - +2 hat
rElec  .         rRot     .     o - +0 cloak
SustAb . .       Spirit   .     v - +0 pair of gloves
rMut   .         Warding  .     S - +0 pair of boots
Saprov . . .     Stasis   .     (no amulet)
MR     ++...                    A - ring of sustenance
                                b - ring of poison resistance

@: non-regenerating, about to teleport, very resistant to hostile enchantments,
extremely unstealthy
A: damage resistance, recharge devices, dopey 1, sense surroundings 2, screaming
1, slow healing 3
a: Device Recharging, Burn Spellbooks, Berserk, Trog's Hand, Brothers in Arms,
Renounce Religion


You were on level 10 of the Dungeon.
You worshipped Trog.
Trog was greatly pleased with you.
You were hungry.

You visited 1 branch of the dungeon, and saw 10 of its levels.
You also visited: Sewer.

You collected 654 gold pieces.

Inventory:

Hand weapons
 G - a +1,+2 dagger of speed
 O - a +0,+0 war axe (weapon)
 P - a +1 blowgun
 X - a +3,+4 bow of evasion
Missiles
 i - 4 javelins (quivered)
 m - 15 bolts of frost
 q - 54 poisoned needles
 w - 29 bolts
 x - 11 tomahawks
Armour
 o - a +0 cloak (worn)
 r - a +2 hat (worn)
 v - a +0 pair of gloves (worn)
 M - a +0 chain mail of magic resistance (worn)
 S - a +0 pair of boots (worn)
Magical devices
 a - a wand of paralysis (11)
 c - a wand of heal wounds (2)
 p - a wand of confusion (4) {unknown}
 L - a wand of random effects (0)
 V - a wand of lightning (1)
 W - a wand of cold (2) {unknown}
 Y - a wand of lightning (0)
Comestibles
 d - 6 bread rations
 u - a meat ration
 K - a pear
 N - 3 apples
 T - 17 cheeses
Scrolls
 g - a scroll of teleportation
 j - 2 scrolls of enchant weapon II
 k - a scroll of enchant armour
 s - 3 scrolls of random uselessness {unknown}
 t - a scroll of enchant weapon I {unknown}
 y - 2 scrolls of recharging
 z - 2 scrolls of fog
 C - 2 scrolls of amnesia {unknown}
 E - 5 scrolls of remove curse {unknown}
 H - a scroll of noise {unknown}
 J - 2 scrolls of fear {unknown}
 U - a scroll of magic mapping {unknown}
Jewellery
 b - a ring of poison resistance (left hand)
 A - a ring of sustenance (right hand)
 F - an uncursed ring of positive energy
Potions
 e - 2 potions of invisibility {unknown}
 f - 5 potions of curing
 h - 3 potions of heal wounds {unknown}
 l - a potion of might {unknown}
 n - 4 potions of agility {unknown}
 B - a potion of brilliance {unknown}
 D - a potion of restore abilities
 I - a potion of flight
 Q - 2 potions of haste
 R - a potion of poison {unknown}
 Z - 3 potions of lignification {unknown}


   Skills:
 - Level 2.8 Fighting
 - Level 11.0 Axes
 - Level 5.6 Throwing
 + Level 8.8 Armour
 - Level 2.1 Dodging
 + Level 10.6 Evocations


You had 9 spell levels left.
You didn't know any spells.

Dungeon Overview and Level Annotations

Branches:
Dungeon (10/15)            Temple (0/1) D:5             Orc (0/4) D:9
   Lair: D:8-11

Altars:
Ashenzari
Nemelex Xobeh
Sif Muna
Xom

Shops:
D:4 }


Innate Abilities, Weirdness & Mutations

You are resistant to damage.
You can recharge devices by infusing magical energy.
You passively map the area around you.
You do not heal naturally.
You are dopey. (Int -2)
You occasionally shout uncontrollably.


Message History

C - 2 scrolls labeled KHAQIY CEMARAU (gained 1)
i - 4 javelins (gained 1)
You open the door.
There is an open door here.
You open the door.
There is an open door here.
u - a meat ration You open the door.
A hill giant comes into view. It is wielding a giant club.
The hill giant shouts!
Found a meat ration.
You completely miss the hill giant.
The hill giant hits you with a giant club!
* * * LOW HITPOINT WARNING * * *
An ice beast comes into view.
Read which item? (? for menu, Esc to quit)
As you read the scroll of teleportation, it crumbles to dust.
You feel strangely unstable.
The hill giant hits you with a giant club!
You die...

. #####'### *
#.......# , , ,, *
+** #.......# ,, ,
*, ..* #.......# *
, * , ..+
*#.......### ,, .
,, , ..# ,
#.......'.#* .%. *
..#
,+.......#.##,,....
*, ..#
*#.......#..# .....
, * ..#
#.......##@#.....I.
, ..#
*####+####.C...# +
### ,* ###...#* .##
*#### , ** ..# **
,, , *#.# * ,, , ,
# ######.### * *
### #........#
###*** ** , ..##
#........# #.# * ,


You could see a hill giant.

Vanquished Creatures
  Prince Ribbit (D:8)
  A deep elf mage (D:8)
  The ghost of Zurvan the Cudgeler, an average MiBe of Trog (Sewer)
  Eustachio (D:5)
  5 ugly things (D:9)
  3 yaks (D:9)
  A warg (D:9)
  The ghost of HOllOWCh4rg3 the Insei, an average MfTm (D:3)
  A gargoyle (D:10)
  2 ice beasts
  3 ogres
  A sky beast (D:6)
  2 centaurs (D:9)
  2 orc warriors
  3 phantoms
  A manticore zombie (D:8)
  2 big kobolds
  Blork the orc (D:4)
  A crocodile (D:9)
  6 giant frogs
  2 scorpions
  2 goliath beetles (D:5)
  3 crimson imps
  7 orc priests
  An orange rat (D:7)
  3 hounds
  A giant frog skeleton (D:4)
  3 jellies
  3 worker ants
  2 iguanas
  5 orc wizards
  5 green rats
  12 adders
  7 giant mites (Sewer)
  An inept feature mimic (D:5)
  3 shadow imps
  4 worms
  2 orc zombies
  An adder zombie (D:8)
  3 giant eyeballs
  16 giant geckos
  16 orcs
  A bat skeleton (D:4)
  12 giant cockroaches
  6 goblins
  17 hobgoblins
  6 jackals
  24 kobolds
  2 oozes
  6 quokkas
  14 ball pythons
  12 bats
  A giant gecko zombie (D:6)
  14 giant newts
  2 giant spores
  An orc skeleton (D:5)
  22 rats
  A ballistomycete (D:10)
  A plant (D:7)
283 creatures vanquished.

Vanquished Creatures (collateral kills)
  Psyche (D:9)
  2 orc warriors
  A centaur (D:9)
  A goliath beetle (D:9)
  A centaur skeleton (D:9)
  4 orcs
10 creatures vanquished.

Vanquished Creatures (others)
  A two-headed ogre (D:9)
  An orc (D:9)
  A giant spore (D:6)
  A plant (D:9)
4 creatures vanquished.

Grand Total: 297 creatures vanquished

Notes
Turn   | Place    | Note
--------------------------------------------------------------
     0 | D:1      | Psiweapon, the Deep Dwarf Berserker, began the quest for the Orb.
     0 | D:1      | Reached XP level 1. HP: 20/20 MP: 1/1
    99 | D:1      | Reached XP level 2. HP: 12/27 MP: 2/2
   667 | D:2      | Acquired Trog's second power
   676 | D:2      | Reached skill level 1 in Throwing
   826 | D:2      | Found a shattered altar of Ashenzari.
   883 | D:2      | Reached skill level 4 in Axes
   883 | D:2      | Reached XP level 3. HP: 22/33 MP: 3/3
  1233 | D:2      | Found a shimmering altar of Xom.
  1302 | D:3      | Noticed HOllOWCh4rg3's ghost (average MfTm)
  1320 | D:3      | Killed HOllOWCh4rg3's ghost
  1320 | D:3      | Reached skill level 5 in Axes
  1320 | D:3      | Reached XP level 4. HP: 14/40 MP: 4/4
  1320 | D:3      | Reached XP level 5. HP: 16/48 MP: 5/5
  1541 | D:3      | Reached XP level 6. HP: 26/55 MP: 6/6
  1897 | D:4      | Found Mulub's Gadget Shoppe.
  1909 | D:4      | Reached skill level 6 in Axes
  2023 | D:4      | Noticed Blork the orc
  2030 | D:4      | Killed Blork the orc
  2162 | D:4      | Reached XP level 7. HP: 26/61 MP: 7/7
  2354 | D:4      | Reached skill level 7 in Axes
  2404 | D:4      | Found a deep blue altar of Sif Muna.
  2414 | D:4      | Found a sparkling altar of Nemelex Xobeh.
  2497 | D:4      | Found a glowing drain.
  2502 | Sewer    | Entered a sewer
  2723 | Sewer    | Reached skill level 5 in Throwing
  2731 | Sewer    | Acquired Trog's third power
  2921 | Sewer    | Noticed Zurvan's ghost (average MiBe)
  2942 | Sewer    | Killed Zurvan's ghost
  2942 | Sewer    | Reached skill level 8 in Axes
  2942 | Sewer    | Reached XP level 8. HP: 68/68 MP: 8/8
  3294 | D:5      | Entered Level 5 of the Dungeon
  3525 | D:5      | Found a staircase to the Ecumenical Temple.
  3732 | D:5      | Found a shattered altar of Ashenzari.
  3767 | D:5      | Noticed Eustachio
  3796 | D:5      | Killed Eustachio
  3796 | D:5      | Reached skill level 9 in Axes
  4217 | D:6      | Reached skill level 10 in Axes
  4889 | D:6      | Gained mutation: You occasionally shout uncontrollably. [mutagenic meat]
  4890 | D:6      | Gained mutation: You are dopey. (Int -2) [mutagenic meat]
  5171 | D:7      | Reached skill level 11 in Axes
  5202 | D:7      | Paralysed by a giant eyeball for 4 turns
  5208 | D:7      | Paralysed by a giant eyeball for 3 turns
  5241 | D:7      | Reached skill level 1 in Evocations
  5241 | D:7      | Gained mutation: You passively map the area around you. [level up]
  5241 | D:7      | Reached XP level 9. HP: 50/74 MP: 8/10
  5955 | D:8      | Reached skill level 5 in Evocations
  6033 | D:8      | Noticed Prince Ribbit
  6045 | D:8      | Killed Prince Ribbit
  6045 | D:8      | Received a gift from Trog
  6045 | D:8      | Reached skill level 5 in Armour
  6464 | D:9      | Noticed Psyche
  6473 | D:9      | Killed Psyche
  6668 | D:9      | Found a staircase to the Orcish Mines.
  6731 | D:9      | Paralysed by a giant eyeball for 2 turns
  6809 | D:9      | Reached XP level 10. HP: 53/82 MP: 21/21
  7188 | D:9      | Reached skill level 10 in Evocations
  7260 | D:9      | Noticed a griffon
  7260 | D:9      | Noticed a griffon
  7439 | D:10     | Entered Level 10 of the Dungeon
  7804 | D:10     | Noticed a hill giant
  7807 | D:10     | Slain by a hill giant

Action                   |  1- 3 |  4- 6 |  7- 9 | 10-12 || total
-------------------------+-------+-------+-------+-------++-------
Melee: Hand axe          |   130 |     1 |       |       ||   131
       War axe           |       |    66 |   527 |   108 ||   701
 Fire: Blowgun           |       |       |     1 |       ||     1
Throw: Javelin           |    29 |    18 |   108 |    20 ||   175
       Tomahawk          |       |       |    23 |     5 ||    28
Invok: Trog's Hand       |     2 |     4 |     8 |     1 ||    15
       Berserk           |     1 |     1 |     2 |       ||     4
       Brothers in Arms  |       |       |     3 |       ||     3
Evoke: Wand              |       |       |    23 |     3 ||    26
  Use: Scroll            |       |     1 |     8 |     2 ||    11
       Potion            |       |       |       |     1 ||     1
